 Dungeon Crawl Stone Soup version 0.25-a0-424-g80bd347ae0 (webtiles) character file.

Game seed: 1420575103139349148, levelgen mode: deterministic

346 Kohma the Stinger (level 6, -3/55 HPs)
             Began as a Naga Venom Mage on Jan 23, 2020.
             Slain by a gnoll
             ... wielding a +0 spear
              (6 damage)
             ... on level 4 of the Dungeon.
             The game lasted 00:13:50 (3851 turns).

Kohma the Stinger (Naga Venom Mage)                 Turns: 3851, Time: 00:13:51

Health: -3/55      AC:  5    Str: 11    XL:     6   Next: 59%
Magic:  0/10       EV: 11    Int: 17    God:
Gold:   194        SH:  0    Dex: 11    Spells: 1/11 levels left

rFire    . . .     SeeInvis +   j - +2 trident (pain)
rCold    . . .     Gourm    .   (no shield)
rNeg     . . .     Faith    .   a - +0 robe
rPois    +         Spirit   .   (no helmet)
rElec    .         Reflect  .   f - +1 cloak
rCorr    +         Harm     .   (no gloves)
MR       .....                  (no barding)
Stlth    ++........             (no amulet)
HPRegen  0.18/turn              h - ring of resist corrosion
MPRegen  0.12/turn              n - +1 ring of evasion

@: very slow
A: large, see invisible, deformed body, poison resistance, slowness 2, slow
metabolism 1, spit poison 1, AC +2
a: Spit Poison


You were on level 4 of the Dungeon.
You were not hungry.

You visited 1 branch of the dungeon, and saw 4 of its levels.
You visited the Abyss 1 time.

You collected 194 gold pieces.

Inventory:

Hand Weapons
 d - a +0 short sword
 j - a +2 trident of pain (weapon)
 o - a +0 hunting sling of flaming
Missiles
 s - 3 boomerangs of dispersal (quivered)
Armour
 a - a +0 robe (worn)
 f - a +1 cloak (worn)
Jewellery
 h - a ring of resist corrosion (left hand)
 n - a +1 ring of evasion (right hand)
Wands
 x - a wand of enslavement (8)
Scrolls
 b - a scroll of identify
 k - a scroll of immolation
Potions
 m - a potion of brilliance
 p - a potion of flight
 q - a potion of mutation
 r - a potion of haste
 v - a potion of might {unknown}
 z - a potion of resistance {unknown}
Comestibles
 c - 6 rations


   Skills:
 + Level 2.4 Fighting
 - Level 1.5 Dodging
 - Level 3.0 Stealth
 - Level 3.0 Spellcasting
 - Level 1.0 Transmutations
 - Level 3.0 Air Magic
 * Level 6.7 Poison Magic


You had one spell level left.
You knew the following spells:

 Your Spells              Type           Power        Failure   Level  Hunger
a - Sting                 Tmut/Pois      ###.         3%          1    None
b - Poisonous Vapours     Pois/Air       ###...       3%          2    ##.....
c - Mephitic Cloud        Conj/Pois/Air  ##......     14%         3    ###....
d - Olgreb's Toxic Radia  Pois           ####....     11%         4    ####...

Your spell library contained the following spells:

 Spells                   Type           Power        Failure   Level  Hunger
 Ignite Poison            Fire/Tmut/Pois ##......     19%         3    ###....


Dungeon Overview and Level Annotations

Branches:
Dungeon (4/15)
 Temple: D:4-7

Altars:
Makhleb
Vehumet


Innate Abilities, Weirdness & Mutations

You cannot wear boots.
Your serpentine skin is tough. (AC +2)
You have supernaturally acute eyesight. (SInv)
Armour fits poorly on your strangely shaped body.
Your system is resistant to poisons. (rPois)
You cover ground very slowly.
You have a slow metabolism.
You can spit poison.


Message History

The sting hits the gnoll.
The gnoll is poisoned.
The gnoll is moderately wounded.
The gnoll hits you but does no damage.
You hit the orc.
The orc is severely wounded.
The orc misses you. The gnoll hits you but does no damage.
You hit the orc.
You kill the orc!
The gnoll hits you from afar with a +0 spear!
* * * LOW HITPOINT WARNING * * *
A gnoll comes into view. It is wielding a +0 spear.
Casting: Sting (safe; 3% risk of failure)
Confirm with . or Enter, or press ? or * to list all spells.
Aiming: Sting (safe; 3% risk of failure)
Press: ? - help, Shift-Dir - straight line, f/p - gnoll
Aim: a gnoll, wielding a +0 spear (heavily wounded, poisoned)
The sting hits the gnoll.
The gnoll looks even sicker.
The gnoll is heavily wounded.
The gnoll hits you from afar with a +0 spear.
You die...

,,,*,,**,*<*,* #####o..####.* *,
,,***,,,,,,*,###............* *,
,** **,*,*,,...)o...........*****
,,***,**,,,,.###...).......#,,,,,
,,,*,*****,*** #####...#####,***,
***,** *,* ##...## *,***, ***
**,* #[....# *,**,, *,,*
#####.....# *,,,,,
*********,****#.@)gg....# *,,,,,
*,,,,,,,,.......###g....#***,**,*
,,,,,**,,.####..* #.....#,,,,,,,,
*,**,,,,,,***#..**##......,*,**,*
*,*****,,**,,...,,*#.####.g*,**,*
*,,,,,,,,**,##..*,*#.#*,,..,,,,,,
********,**,*#..*,**.#*,*g,*,**,*
*,,,,,...,,,,,,,,*,,*,**,*
******,******,,,,,,,,,,,,,


You could see 3 gnolls.

Vanquished Creatures
  A phantom (D:4)
  A quasit (Abyss:1)
  An orc priest (D:4)
  A worker ant (D:3)
  Terence (D:2)
  3 gnolls (D:4)
  3 adders
  A shadow imp (D:4)
  A white imp (Abyss:1)
  An ooze (D:3)
  A worm (D:2)
  2 dart slugs
  2 leopard geckos
  8 orcs
  A ball python (D:1)
  A giant cockroach (D:2)
  9 goblins
  6 hobgoblins
  4 jackals
  2 quokkas
  5 bats
  2 frilled lizards
  7 kobolds
  7 rats
71 creatures vanquished.

Notes
Turn   | Place    | Note
-------+----------+-------------------------------------------
     0 | D:1      | Kohma the Naga Venom Mage began the quest for the Orb.
     0 | D:1      | Reached XP level 1. HP: 15/15 MP: 3/3
   408 | D:1      | Reached XP level 2. HP: 24/24 MP: 0/5
  1056 | D:1      | Reached XP level 3. HP: 30/30 MP: 2/6
  1143 | D:1      | Learned a level 2 spell: Poisonous Vapours
  1147 | D:1      | Learned a level 3 spell: Mephitic Cloud
  1248 | D:2      | Reached skill level 1 in Fighting
  1303 | D:2      | Cast into level 1 of the Abyss (a distortion unwield)
  1361 | Abyss:1  | Reached skill level 1 in Air Magic
  1361 | Abyss:1  | Reached skill level 5 in Poison Magic
  1361 | Abyss:1  | Reached XP level 4. HP: 24/38 MP: 0/8
  1363 | D:2      | Escaped the Abyss
  1898 | D:2      | Noticed Terence
  1902 | D:2      | Killed Terence
  1995 | D:2      | Reached XP level 5. HP: 35/44 MP: 5/9
  2321 | D:3      | HP: 2/44 [worker ant (5)]
  2649 | D:3      | Found a radiant altar of Vehumet.
  3061 | D:4      | Noticed a phantom
  3465 | D:4      | Learned a level 4 spell: Olgreb's Toxic Radiance
  3564 | D:4      | Killed a phantom
  3564 | D:4      | Reached skill level 6 in Poison Magic
  3564 | D:4      | Reached XP level 6. HP: 18/52 MP: 1/10
  3773 | D:4      | Found a burning altar of Makhleb.
  3851 | D:4      | Slain by a gnoll

Levels and vault maps discovered:
D:1:      saegor_arrival_miasma, layout_basic, minmay_hexomino_f4
D:2:      layout_rooms, minmay_box_of_dots, uniq_terence
D:3:      layout_basic, vehumet_crystals, first_ration, lemuel_another_geyser
D:4:      layout_loops_cross, bloody_makhleb

Skill      XL: |  1  2  3  4  5  6 |
---------------+-------------------+-----
Fighting       | 1 2 |  2.4
Air Magic      | 1 2 3 |  3.0
Poison Magic   | 5 6 |  6.7
Spellcasting   | 3 |  3.0
Dodging        | |  1.5
Stealth        | |  3.0
Transmutations | |  1.0

Action                   |  1- 3 |  4- 6 || total
-------------------------+-------+-------++-------
Melee: Unarmed           |     2 |       ||     2
       Short sword       |    12 |    50 ||    62
       Trident           |       |    72 ||    72
Throw: Boomerang         |       |     1 ||     1
 Cast: Sting             |    47 |    46 ||    93
       Poisonous Vapours |     6 |    37 ||    43
       Mephitic Cloud    |       |     1 ||     1
  Use: Scroll            |       |    11 ||    11
       Potion            |       |     4 ||     4
  Eat: Chunk             |     1 |     7 ||     8
       Ration            |       |     1 ||     1
Armor: Robe              |    11 |    25 ||    36
Dodge: Dodged            |    31 |    55 ||    86

Table legend:
 A = Non-vault XP
 B = Vault XP
 C = Vault XP percentage of total XP
 D = Non-vault monster count
 E = Vault monster count
 F = Vault count percentage of total count
                 A         B        C        D         E       F
            +---------+---------+-------+---------+---------+-------
      Total |     451 |      44 |   8.9 |      65 |       6 |   8.5
            +---------+---------+-------+---------+---------+-------
        D:1 |      36 |       4 |  10.0 |      20 |       2 |   9.1
        D:2 |      38 |      40 |  51.3 |       8 |       4 |  33.3
        D:3 |      96 |       0 |   0.0 |      24 |       0 |   0.0
        D:4 |     226 |       0 |   0.0 |      11 |       0 |   0.0
    Abyss:1 |      55 |       0 |   0.0 |       2 |       0 |   0.0
            +---------+---------+-------+---------+---------+-------
